 Dungeon Crawl Stone Soup version 0.25.1-8-g42b30a86e7 (webtiles) character file.

Game seed: 14106848738937215004

98 Kives the Chopper (level 4, -2/39 HPs)
             Began as a Hill Orc Berserker on Dec 14, 2020.
             Was a Believer of Trog.
             Slain by a gnoll
             ... wielding a +0 spear
              (11 damage)
             ... on level 2 of the Dungeon.
             The game lasted 00:06:55 (1751 turns).

Kives the Chopper (Hill Orc Berserker)              Turns: 1751, Time: 00:06:56

Health: -2/39      AC:  3    Str: 19    XL:     4   Next: 69%
Magic:  4/4        EV: 15    Int:  7    God:    Trog [**....]
Gold:   55         SH:  0    Dex: 11    Spells: 3/3 levels left

rFire    . . .     SeeInvis .   a - +0 hand axe
rCold    . . .     Gourm    .   (no shield)
rNeg     . . .     Faith    .   o - +0 leather armour
rPois    .         Spirit   .   (no helmet)
rElec    .         Reflect  .   (no cloak)
rCorr    .         Harm     .   (no gloves)
MR       .....                  (no boots)
Stlth    +.........             (no amulet)
HPRegen  0.13/turn              g - +4 ring of evasion
MPRegen  0.09/turn              (no ring)

@: no status effects
A: no striking features
a: Berserk, Trog's Hand, Renounce Religion


You were on level 2 of the Dungeon.
You worshipped Trog.
Trog was pleased with you.
You were not hungry.

You visited 1 branch of the dungeon, and saw 2 of its levels.

You collected 55 gold pieces.

Inventory:

Hand Weapons
 a - a +0 hand axe (weapon)
Missiles
 e - 37 arrows
 j - 54 stones (quivered)
Armour
 b - a +0 animal skin
 o - a +0 leather armour (worn)
Jewellery
 g - a +4 ring of evasion (left hand)
Scrolls
 h - a scroll of remove curse {unknown}
 i - 2 scrolls of magic mapping {unknown}
 l - a scroll of amnesia {unknown}
 m - a scroll of noise {unknown}
 n - 2 scrolls of teleportation {unknown}
 q - a scroll of blinking {unknown}
Potions
 d - a potion of stabbing {unknown}
 k - 2 potions of mutation {unknown}
 p - a potion of curing {unknown}
Comestibles
 c - a ration
 f - a chunk of flesh


   Skills:
 - Level 3.6 Fighting
 + Level 7.0 Axes
 - Level 2.1 Armour
 - Level 1.5 Dodging


You had 3 spell levels left.
You didn't know any spells.
Your spell library was empty.

Dungeon Overview and Level Annotations

Branches:
Dungeon (2/15)

Altars:


Message History

The gnoll is heavily wounded.
The gnoll closely misses you. The gnoll hits you with a +0 spear.
You hit the gnoll.
You kill the gnoll!
Trog accepts your kill.
Your Axes skill increases to level 7!
The gnoll misses you. The gnoll barely misses you.
You hit the gnoll but do no damage. The gnoll barely misses you.
You hit the gnoll.
The gnoll is moderately wounded.
The gnoll barely misses you.
You barely miss the gnoll.
The gnoll is moderately wounded.
The gnoll hits you with a +0 spear!
* * * LOW HITPOINT WARNING * * *
You hit the gnoll.
The gnoll is severely wounded.
The gnoll hits you with a +0 spear!
You die...

#### #.........#
#..#######.........#.
#.................... ...
#.........###.###### ...
#........####.# .... .
#...........#)### ###.. ..
#........##...).## #.?.# ...
#.###.#######.#.)###.#.#....
...##.# ##.##@g.(.#......
...##.## #..............#
รท..........#..##...(.(..#
....##.#. #..##......#.....
........ .......##....#....
...###.# #....######.#... ..
.......... .. #.##....
..........#.... ..# .....
....#.........#. ... ....


You could see a gnoll.

Vanquished Creatures
  4 adders
  2 gnolls (D:2)
  2 leopard geckos (D:1)
  4 giant cockroaches
  4 goblins (D:2)
  9 hobgoblins
  A quokka (D:2)
  A ball python (D:1)
  2 bats
  2 frilled lizards (D:1)
  3 kobolds (D:1)
  10 rats
44 creatures vanquished.

Notes
Turn   | Place    | Note
-------+----------+-------------------------------------------
     0 | D:1      | Kives the Hill Orc Berserker began the quest for the Orb.
     0 | D:1      | Reached XP level 1. HP: 19/19 MP: 1/1
   388 | D:1      | Reached XP level 2. HP: 21/26 MP: 2/2
   504 | D:1      | Reached skill level 5 in Axes
  1037 | D:1      | Reached ** piety under Trog
  1037 | D:1      | Reached XP level 3. HP: 18/31 MP: 3/3
  1235 | D:2      | Reached skill level 6 in Axes
  1331 | D:2      | Reached XP level 4. HP: 38/39 MP: 4/4
  1746 | D:2      | Reached skill level 7 in Axes
  1751 | D:2      | Slain by a gnoll

Illustrated notes

Levels and vault maps discovered:
D:1:      wander_arrival_chamber, layout_basic
D:2:      layout_rooms, lemuel_crystal_altar, minmay_pentomino_s4

Skill      XL: |  1  2  3  4 |
---------------+-------------+-----
Axes           | 5 6 7 |  7.0
Fighting       | |  3.6
Armour         | |  2.1
Dodging        | |  1.5

Action                   |  1- 3 |  4- 6 || total
-------------------------+-------+-------++-------
Melee: Hand axe          |   120 |    51 ||   171
Throw: Stone             |    22 |    21 ||    43
  Eat: Chunk             |     1 |     2 ||     3
Armor: Animal skin       |     6 |       ||     6
       Leather armour    |     8 |     5 ||    13
Dodge: Dodged            |    89 |    27 ||   116
